 Dungeon Sprint DCSS version 0.21-a0-297-ga3d34c2 (webtiles) character file.

93 potatolord6000 the Conjurer (level 4, -3/28 HPs)
             Began as a Tengu Conjurer on Sept 28, 2017.
             Was a Believer of Sif Muna.
             Slain by Prince Ribbit (12 damage)
             ... in the Dungeon (Sprint VII: "The Pits").
             The game lasted 00:02:11 (235 turns).

potatolord6000 the Conjurer (Tengu Conjurer)         Turns: 235, Time: 00:02:13

Health: -3/28      AC:  8    Str:  9    XL:     4   Next: 62%
Magic:  0/10       EV: 12    Int: 16    God:    Sif Muna [**....]
Gold:   0          SH:  0    Dex: 14    Spells: 7/10 levels left

rFire    . . .     SeeInvis .   a - +1 long sword (holy)
rCold    . . .     Gourm    .   (no shield)
rNeg     . . .     Faith    .   q - +3 ring mail
rPois    .         Spirit   .   (helmet restricted)
rElec    .         Reflect  .   (no cloak)
rCorr    .         Harm     .   (no gloves)
MR       .....     NoTele   +   (boots unavailable)
Stlth    +.........             (no amulet)
HPRegen  0.09/turn              (no ring)
MPRegen  0.12/turn              (no ring)

@: no status effects
A: beak, talons 3
a: Divine Energy, Renounce Religion


You were in the Dungeon.
You worshipped Sif Muna.
Sif Muna was pleased with you.
You were not hungry.

You visited 1 branch

Inventory:

Hand Weapons
 a - a +1 long sword of holy wrath (weapon)
Armour
 q - a +3 ring mail (worn)
Scrolls
 i - a scroll of blinking
 l - 3 scrolls of remove curse
 m - 5 scrolls of amnesia
 n - a scroll of summoning
Potions
 d - 6 potions of curing
 e - 6 potions of heal wounds
 f - a potion of haste
 g - 4 potions of magic
 h - 2 potions of berserk rage
 k - 2 potions of invisibility
Books
 b - a book of Conjurations

   Spells                             Type                      Level
   a - Magic Dart                     Conjuration                  1
   b - Searing Ray                    Conjuration                  2
   c - Dazzling Spray                 Conjuration/Hexes            3
   d - Fulminant Prism                Conjuration/Hexes            4
   e - Force Lance                    Conjuration/Translocation    4
   f - Iskenderun's Mystic Blast      Conjuration                  4
Comestibles
 c - 8 bread rations
 o - 40 fruits
 p - 7 meat rations


   Skills:
 + Level 3.5 Fighting
 + Level 4.0 Long Blades
 + Level 4.9 Dodging
 - Level 2.0 Stealth
 + Level 3.9 Spellcasting
 + Level 7.3 Conjurations


You had 7 spell levels left.
You knew the following spells:

 Your Spells              Type           Power        Failure   Level  Hunger
a - Magic Dart            Conj           ####         2%          1    None
b - Searing Ray           Conj           ####..       3%          2    ##.....


Dungeon Overview and Level Annotations

Branches:
Dungeon (1/1)

Altars:
Ashenzari
Cheibriados
Dithmenos
Elyvilon
Fedhas
Gozag
Hepliaklqana
Kikubaaqudgha
Makhleb
Nemelex Xobeh
Okawaru
Qazlal
Ru
Sif Muna
Trog
Uskayaw
Vehumet
Wu Jian
Xom
Yredelemnul
Zin
The Shining One
Beogh
Jiyva
Lugonu

Annotations:
D Pikel, Prince Ribbit


Innate Abilities, Weirdness & Mutations

You have a beak for a mouth.
You have claws for feet.


Message History

Unknown command.
Casting: Searing Ray
Confirm with . or Enter, or press ? or * to list all spells.
Aiming: Searing Ray
Press: ? - help, Shift-Dir - straight line, f/p - Prince Ribbit
Aim: Prince Ribbit (moderately wounded)
The searing ray hits Prince Ribbit.
Prince Ribbit is heavily wounded. (Press . to maintain the ray.) Prince Ribbit closely misses you.
Prince Ribbit hits you!
The searing ray misses Prince Ribbit.
The searing ray hits the slave.
The slave is lightly wounded.
Prince Ribbit hits you.
Without enough magic to sustain it, your searing ray dissipates.
The warg howls!
Prince Ribbit closely misses you.
You riposte.
You hit Prince Ribbit. Your kick misses Prince Ribbit.
Prince Ribbit is heavily wounded.
Prince Ribbit hits you!
You die...

_______...#######
##########'##.....
#.?(.')))'.##.....
##########.##.....
#...........'.....
#'#####†#####.....
#.#..#...'.##.....
#.#..#...#.#####'#
#@#..#####.##.....
#F#..'...#.##.....
#p#..'...).##.....
#.#..########...<.
#.#..'.)))[##.....
#.#..#.)))[##.....
#h###########.....
#...h...# ######
#..###..#


You could see Prince Ribbit, a warg and a slave.

Vanquished Creatures
  A scorpion (D)
  A worker ant (D)
  A river rat (D)
  An ufetubus (D)
  A giant cockroach (D)
  2 jackals (D)
  2 frilled lizards (D)
  2 kobolds (D)
11 creatures vanquished.

Notes
Turn   | Place    | Note
-------+----------+-------------------------------------------
     0 | D        | potatolord6000 the Tengu Conjurer began the quest for the Orb.
     0 | D        | Reached XP level 1. HP: 10/10 MP: 4/4
    43 | D        | Found a bloodstained altar of Trog.
    43 | D        | Found a deep blue altar of Sif Muna.
    43 | D        | Found a viscous altar of Jiyva.
    43 | D        | Found a hazy altar of Hepliaklqana.
    43 | D        | Found an opulent altar of Gozag.
    44 | D        | Found a glowing golden altar of the Shining One.
    44 | D        | Found a glowing silver altar of Zin.
    44 | D        | Found a basalt altar of Yredelemnul.
    44 | D        | Found a shimmering altar of Xom.
    44 | D        | Found an ornate altar of the Wu Jian Council.
    44 | D        | Found a sacrificial altar of Ru.
    44 | D        | Found a stormy altar of Qazlal.
    44 | D        | Found an iron altar of Okawaru.
    44 | D        | Found a sparkling altar of Nemelex Xobeh.
    44 | D        | Found a burning altar of Makhleb.
    44 | D        | Found a blossoming altar of Fedhas.
    44 | D        | Found a white marble altar of Elyvilon.
    44 | D        | Found a shadowy altar of Dithmenos.
    44 | D        | Found a snail-covered altar of Cheibriados.
    46 | D        | Found a radiant altar of Vehumet.
    46 | D        | Found a corrupted altar of Lugonu.
    46 | D        | Found a roughly hewn altar of Beogh.
    48 | D        | Found an ancient bone altar of Kikubaaqudgha.
    48 | D        | Found a hide-covered altar of Uskayaw.
    48 | D        | Found a shattered altar of Ashenzari.
    49 | D        | Became a worshipper of Sif Muna the Loreminder
    61 | D        | Reached skill level 1 in Fighting
    75 | D        | Noticed a worker ant
    77 | D        | Killed a worker ant
    77 | D        | Reached skill level 6 in Conjurations
    77 | D        | Reached XP level 2. HP: 18/18 MP: 5/7
    77 | D        | Reached XP level 3. HP: 22/22 MP: 5/8
   128 | D        | Learned a level 2 spell: Searing Ray
   139 | D        | Reached * piety under Sif Muna
   221 | D        | Noticed a scorpion
   222 | D        | Noticed a warg
   222 | D        | Noticed a slave
   223 | D        | Noticed Prince Ribbit
   223 | D        | Noticed Pikel
   223 | D        | Noticed a slave
   232 | D        | Killed a scorpion
   232 | D        | Reached ** piety under Sif Muna
   232 | D        | Reached skill level 7 in Conjurations
   232 | D        | Reached XP level 4. HP: 25/28 MP: 4/10
   235 | D        | Slain by Prince Ribbit

Vault maps used:
D:        pitsprint

Skill      XL: |  1  2  3 |
---------------+----------+-----
Fighting       | 2 3 |  3.5
Long Blades    | 2 4 |  4.0
Dodging        | 3 4 |  4.9
Spellcasting   | 3 |  3.9
Conjurations   | 6 7 |  7.3
Stealth        | |  2.0

Action                   |  1- 3 |  4- 6 || total
-------------------------+-------+-------++-------
Melee: Falchion          |     5 |       ||     5
       Unarmed           |     1 |       ||     1
       Peck              |     1 |       ||     1
 Cast: Searing Ray       |     2 |     1 ||     3
  Use: Potion            |     1 |       ||     1
 Stab: Sleeping          |     1 |       ||     1
Armor: Robe              |     1 |       ||     1
       Ring mail         |     1 |       ||     1
Dodge: Dodged            |     3 |     2 ||     5
       Rpst.: Long sword |       |     1 ||     1

Table legend:
 A = Spawn XP
 B = Non-spawn XP
 C = Spawn XP percentage of total XP
 D = Spawn monster count
 E = Non-spawn monster count
 F = Spawn count percentage of total count
 G = Total turns spent on level
                    A         B        C        D         E        F      G
               +---------+---------+-------+---------+---------+-------+---------
         Total |       0 |     134 |   0.0 |       0 |      11 |   0.0 |   235
               +---------+---------+-------+---------+---------+-------+---------
             D |       0 |     134 |   0.0 |       0 |      11 |   0.0 |   235
               +---------+---------+-------+---------+---------+-------+---------
